Map: World of Sleepers LE

Players

SauceKing - Winner!

  • Race: Protoss Protoss
  • League: Diamond
  • Spawn Location: 1:00

PapaZerg

  • Race: Zerg Zerg
  • League: Diamond
  • Spawn Location: 7:00

VOD

Have the link to the VOD?

Description

Unbeatable PvZ build before chargelots got nerfed.

Time

  • Played on: Oct. 9, 2019, 6:29 p.m.
  • Length: 5:41
Show
View Real Time Build Order
Export as new Build Order

SauceKing Protoss - Winner!

Build Orders: 1 Gate Expand 

Get SALT Encoding   

  12  0:00  Probe  
  13  0:12  Probe  
  14  0:20  Pylon  
  14  0:24  Probe  
  15  0:39  Gateway  
  15  0:40  Probe (Chrono Boost)  
  16  0:47  Assimilator  
  17  0:50  Probe (Chrono Boost)  
  17  0:55  Probe (Chrono Boost)  
  18  1:07  Probe (Chrono Boost)  
  19  1:16  Probe (Chrono Boost)  
  20  1:25  Nexus  
  20  1:36  Cybernetics Core  
  20  1:39  Probe  
  21  1:44  Assimilator  
  21  1:51  Pylon  
  21  1:54  Probe  
  22  2:06  Probe  
  23  2:12  Stalker, Warp Gate  
  25  2:18  Probe  
  26  2:23  Gateway  
  26  2:30  Probe  
  26  2:36  Twilight Council  
  26  2:42  Probe  
  27  2:48  Robotics Facility  
  27  2:53  Probe (Chrono Boost)  
  27  2:58  Probe (Chrono Boost)  
  29  3:07  Charge (Chrono Boost)  
  29  3:10  Probe x2 (Chrono Boost)  
  31  3:14  Zealot  
  31  3:18  Zealot  
  35  3:20  Probe x2  
  37  3:29  Gateway  
  37  3:32  Probe  
  38  3:34  Warp Prism (Chrono Boost)  
  40  3:43  Gateway  
  40  3:55  Gateway  
  40  3:57  Gateway  
  40  3:59  Gateway  
  40  4:03  Zealot  
  40  4:05  Zealot  
  44  4:10  Gateway  
  44  4:16  Gateway  
  44  4:20  Pylon  
  44  4:24  Zealot  
  46  4:40  Pylon  
  46  4:42  Gateway  
  46  4:43  Pylon  
  46  4:47  Pylon  
  46  4:51  Pylon  
  46  4:55  Zealot x4  
  46  4:58  Zealot  
  56  5:06  Zealot  
  56  5:07  Zealot  
  60  5:11  Zealot x2  
  60  5:28  Zealot  
  62  5:29  Zealot x4  
  62  5:32  Zealot  
  70  5:36  Zealot  
Show
View Real Time Build Order
Export as new Build Order

PapaZerg Zerg 

Build Orders: Hatch First 

Get SALT Encoding   

  12  0:01  Drone  
  13  0:13  Overlord  
  13  0:20  Drone  
  14  0:31  Drone x2  
  14  0:35  Drone  
  17  0:52  Hatchery  
  17  0:56  Drone  
  17  0:58  Drone  
  17  1:03  Extractor  
  17  1:17  Spawning Pool, Drone  
  17  1:20  Drone  
  18  1:29  Drone  
  19  1:42  Overlord  
  19  1:52  Drone  
  20  2:01  Drone  
  21  2:05  Zergling x2  
  21  2:06  Queen x2  
  26  2:10  Metabolic Boost  
  26  2:13  Drone  
  27  2:24  Drone x2  
  29  2:32  Drone  
  29  2:34  Drone  
  31  2:41  Hatchery  
  30  2:51  Drone  
  30  2:52  Overlord  
  30  2:53  Drone  
  30  2:54  Drone  
  33  3:06  Drone x2  
  33  3:12  Queen x2  
  39  3:21  Drone x2  
  39  3:23  Drone x3  
  44  3:34  Overlord  
  44  3:40  Extractor  
  43  3:49  Overlord  
  43  4:00  Overlord  
  43  4:02  Drone x8  
  51  4:09  Evolution Chamber  
  50  4:10  Roach Warren  
  50  4:11  Lair  
  50  4:15  Drone x2  
  50  4:16  Overlord x2  
  51  4:23  Overlord  
  51  4:26  Drone  
  51  4:27  Drone x5  
  51  4:29  Extractor  
  56  4:32  Spore Crawler  
  56  4:37  Spore Crawler  
  53  4:39  Spore Crawler  
  53  4:40  Zergling x6  
  53  4:41  Zergling x2  
  56  4:51  Roach x3  
  62  4:53  Roach x2  
  66  5:04  Roach x4  
  69  5:09  Roach x3  
  68  5:15  Roach x2  
Tags
 
Add a new tag
Caveats
  • Supply blocks, unpowered buildings, or Contaminate may cause inaccurate times.
  • Supply counts are checked every 10 seconds.